 Dungeon Crawl Stone Soup version 0.18-a0-1413-g4eaa9ac (webtiles) character file.

67 Duffy the Caller (level 4, 28/30 HPs)
             Began as a Demonspawn Summoner on Feb 26, 2016.
             Quit the game on level 2 of the Dungeon.
             The game lasted 00:03:30 (2205 turns).

Duffy the Caller (Demonspawn Summoner)              Turns: 2205, Time: 00:03:30

Health: 28/30      AC:  3    Str:  9    XL:     4   Next: 0%
Magic:  8/8        EV: 12    Int: 17    God:
Gold:   91         SH:  0    Dex: 15    Spells: 3 memorised, 2 levels left

rFire  . . .     SeeInvis .     r - +2 quarterstaff (chaos)
rCold  . . .     Gourm    .     a - +0 robe
rNeg   . . .     Faith    .     (shield currently unavailable)
rPois  .         Spirit   .     (no helmet)
rElec  .         Dismiss  .     q - +0 cloak
rCorr  .         Reflect  .     (no gloves)
SustAt +         Harm     .     (no boots)
MR     .....                    (no amulet)
Stlth  ++........               (no ring)
                                h - ring of sustain attributes

@: not resistant to hostile enchantments, unstealthy
A: claws 1, thin skeletal structure 1, demonic guardian 1
a: no special abilities


You were on level 2 of the Dungeon.
You were not hungry.

You visited 1 branch of the dungeon, and saw 2 of its levels.

You collected 91 gold pieces.


Innate Abilities, Weirdness & Mutations

You have sharp fingernails.
You have a somewhat thin skeletal structure (Dex +2, Stealth).
A weak demonic guardian rushes to your aid.


   Skills:
 - Level 1.7 Dodging
 - Level 1.7 Stealth
 + Level 2.9 Spellcasting
 + Level 5.0 Summonings


You had 2 spell levels left.
You knew the following spells:

 Your Spells              Type           Power        Failure   Level  Hunger
a - Summon Small Mammal   Summ           ###.         2%          1    None
i - Call Imp              Summ           ###.....     3%          2    ##.....
n - Call Canine Familiar  Summ           ###.....     10%         3    ###....

Inventory:

Hand Weapons
 r - a +2 quarterstaff of chaos (weapon)
Armour
 a - a +0 robe (worn)
 q - a +0 cloak (worn)
 s - a cursed -1 ring mail
Jewellery
 h - a ring of sustain attributes (left claw)
Scrolls
 e - a scroll of enchant weapon {unknown}
 l - 3 scrolls of identify {unknown}
 m - a scroll of magic mapping {unknown}
 n - a scroll of teleportation {unknown}
 o - a scroll of remove curse {unknown}
Potions
 f - a potion of might {unknown}
 i - a potion of berserk rage {unknown}
 j - a potion of agility {unknown}
 k - a potion of curing {unknown}
 p - a potion of lignification {unknown}
Books
 b - a book of Callings
Comestibles
 c - 3 bread rations
 d - 11 chunks of flesh
 g - a meat ration

Dungeon Overview and Level Annotations

Branches:
Dungeon (2/15)

Altars:


Message History

You butcher the hobgoblin corpse.
d - 5 chunks of flesh (gained 2);
d - 9 chunks of flesh (gained 4)
You see here a hobgoblin skeleton.
You see here a runed ring mail.
s - a runed ring mail
Found a stone staircase leading down.
Found 22 bolts.
No target in view!
You now have 83 gold pieces (gained 12).
A giant cockroach comes into view.
The helpless giant cockroach fails to defend itself.
You thump the giant cockroach! You burn the giant cockroach.
You kill the giant cockroach!
No target in view!
No target in view!
You see here a giant cockroach corpse.
You butcher the giant cockroach corpse.
d - 11 chunks of flesh (gained 2)
There is an open door here.
You now have 91 gold pieces (gained 8).
Found 12 stones.
Found a stone staircase leading down.
l - 3 scrolls labeled QAOXOL AKHLOS (gained 1)
You open the door.
A goblin comes into view. It is wielding a dagger.
The goblin shouts!
Found a robe and a bread ration.
There is an open door here.
You completely miss the goblin. The goblin hits you with a dagger.
The goblin misses you.
You sock the goblin!
There is a sudden explosion of sparks!
You kill the goblin!
You have reached level 4!
You feel stronger.
Your demonic ancestry asserts itself...
You feel the presence of a demonic guardian.
Are you sure you want to abandon this character and quit the game? (Confirm with "yes".)

########
#......#
#......#
#....%.#
#..[...# ###
#...)..# #..
####@####
#..
#.......#
#..
#.......#
#..
#.......#
#..
#.......####
######..
#####.....>#
#.<..###
#.(....#
#..).#
##......#
#....#
#.......#
#....# #


There were no monsters in sight!

Action                   |  1- 3 |  4- 6 || total
-------------------------+-------+-------++-------
Melee: Dagger            |   103 |       ||   103
       Unarmed           |    42 |       ||    42
       Quarterstaff      |    12 |       ||    12
 Cast: Call Imp          |    14 |       ||    14
       Call Canine Famil |     1 |       ||     1
 Stab: Distracted        |     1 |       ||     1
       Sleeping          |     5 |       ||     5
  Eat: Chunk             |     5 |       ||     5

Notes
Turn   | Place    | Note
--------------------------------------------------------------
     0 | D:1      | Duffy the Demonspawn Summoner began the quest for the Orb.
     0 | D:1      | Reached XP level 1. HP: 13/13 MP: 3/3
   385 | D:1      | Gained mutation: You have a somewhat thin skeletal structure (Dex +2, Stealth). [demonic ancestry]
   385 | D:1      | Reached XP level 2. HP: 19/19 MP: 5/5
   449 | D:1      | Learned a level 2 spell: Call Imp
  1524 | D:2      | Gained mutation: You have sharp fingernails. [demonic ancestry]
  1524 | D:2      | Reached XP level 3. HP: 24/24 MP: 0/6
  1794 | D:2      | Learned a level 3 spell: Call Canine Familiar
  1940 | D:2      | Noticed Crazy Yiuf
  1956 | D:2      | Killed Crazy Yiuf
  1956 | D:2      | Reached skill level 5 in Summonings
  2204 | D:2      | Gained mutation: A weak demonic guardian rushes to your aid. [demonic ancestry]
  2204 | D:2      | Reached XP level 4. HP: 28/30 MP: 8/8
  2205 | D:2      | Quit the game

Vault maps used:
D:1:      scummos_arrival_checkerplants
D:2:      ashenzari_conservatory_becter, first_bread, uniq_crazy_yiuf_cottage

Vanquished Creatures
  Crazy Yiuf
  2 worms
  A giant gecko
  7 bats
  3 giant cockroaches
  9 goblins
  5 hobgoblins
  7 jackals
  A ball python
  4 giant newts
  6 kobolds
  6 rats
52 creatures vanquished.
